 Dungeon Crawl Stone Soup version 0.20-a0-960-ge493e74 (webtiles) character file.

423 Rrauwl the Caller (level 6, 0/46 HPs)
             Began as a Merfolk Summoner on Apr 7, 2017.
             Slain by Rrauwl's ghost (2 damage)
             ... on level 5 of the Dungeon.
             The game lasted 00:21:44 (4432 turns).

Rrauwl the Caller (Merfolk Summoner)                Turns: 4432, Time: 00:21:44

Health: 0/46       AC:  9    Str: 10    XL:     6   Next: 95%
Magic:  10/11      EV: 11    Int: 15    God:
Gold:   139        SH:  0    Dex: 14    Spells: 9/12 levels left

rFire    . . .     SeeInvis .   j - +1 spear
rCold    . . .     Gourm    .   (no shield)
rNeg     . . .     Faith    .   e - +1 ring mail
rPois    +         Spirit   .   h - +0 helmet
rElec    .         Reflect  .   (no cloak)
rCorr    .         Harm     .   (no gloves)
MR       .....                  (no boots)
Stlth    +.........             (no amulet)
Regen    0.2/turn               n - ring of wizardry
MPRegen  0.2/turn               p - ring of poison resistance

@: heavily drained
A: change form in water, swift swim, stealthy swim, icy blue scales 1, mutation
resistance 1
a: no special abilities


You were on level 5 of the Dungeon.
You were not hungry.

You visited 1 branch of the dungeon, and saw 5 of its levels.

You collected 139 gold pieces.

Inventory:

Hand Weapons
 j - a +1 spear (weapon)
Armour
 e - a +1 ring mail (worn)
 h - a +0 helmet (worn)
Magical Staves
 r - an uncursed staff of wizardry
Jewellery
 i - an uncursed ring of positive energy
 k - an uncursed ring of protection from magic
 n - a ring of wizardry (left hand)
 p - a ring of poison resistance (right hand)
Scrolls
 a - 6 scrolls of identify
 d - a scroll of recharging
 l - a scroll of enchant armour
 q - 2 scrolls of fog
Books
 b - a book of Callings

   Spells                             Type                      Level
   a - Summon Small Mammal            Summoning                    1
   b - Call Imp                       Summoning                    2
   c - Call Canine Familiar           Summoning                    3
   d - Summon Guardian Golem          Hexes/Summoning              3
   e - Summon Lightning Spire         Summoning/Air                4
   f - Summon Ice Beast               Ice/Summoning                4
 m - a book of Misfortune

   Spells                             Type                      Level
   a - Confusing Touch                Hexes                        1
   b - Confuse                        Hexes                        3
   c - Gell's Gravitas                Translocation                3
   d - Petrify                        Transmutation/Earth          4
   e - Metabolic Englaciation         Hexes/Ice                    5
   f - Yara's Violent Unravelling     Hexes/Transmutation          5
Comestibles
 c - 6 bread rations
 f - 4 chunks of flesh
 g - 13 fruits
 s - a royal jelly


   Skills:
 + Level 2.9(1.4) Fighting
 + Level 3.4(1.8) Polearms
 - Level 1.0(0.0) Armour
 + Level 4.5(2.9) Dodging
 - Level 2.1(0.7) Stealth
 + Level 3.6(2.1) Spellcasting
 + Level 5.0(3.4) Summonings


You had 9 spell levels left.
You knew the following spells:

 Your Spells              Type           Power        Failure   Level  Hunger
b - Call Canine Familiar  Summ           ##......     24%         3    ###....


Dungeon Overview and Level Annotations

Branches:
Dungeon (5/15)
 Temple: D:4-7

Altars:

Annotations:
D:5 Rrauwl's ghost, novice BaCj


Innate Abilities, Weirdness & Mutations

You revert to your normal form in water.
You are very nimble and swift while swimming.
You are very stealthy in the water. (Stealth+)
You are partially covered in icy blue scales. (AC +2)
You are somewhat resistant to further mutation.


Message History

Rrauwl's ghost closely misses you.
You hit Rrauwl's ghost.
Rrauwl's ghost is severely damaged.
Your hound misses Rrauwl's ghost.
Rrauwl's ghost gestures at you while chanting.
The magic dart hits you!
* * * LOW HITPOINT WARNING * * *
Your hound misses Rrauwl's ghost. You closely miss Rrauwl's ghost.
Rrauwl's ghost is severely damaged.
Your hound barely misses Rrauwl's ghost.
Rrauwl's ghost gestures at you while chanting.
The magic dart hits you!
* * * LOW HITPOINT WARNING * * *
You aren't carrying any potions.
You miss Rrauwl's ghost.
Rrauwl's ghost is severely damaged.
Your hound bites Rrauwl's ghost.
Rrauwl's ghost hits you.
* * * LOW HITPOINT WARNING * * *
You die...

#... #W#..
#.8.8.
###......
#.'..(..b #.#
#.# #W###
##.###h@.#
........))###
###.#####)..#
#<# #.### #.#
#.# #.# #.#
#.# #^# #.#
#.####
#(###....#


You could see Rrauwl's ghost and a friendly hound.

Vanquished Creatures
  A crimson imp (D:4)
  An orc priest (D:5)
  A bullfrog skeleton (D:4)
  2 orc wizards
  Robin (D:3)
  7 adders
  3 oozes
  3 worms
  4 dart slugs
  6 leopard geckos
  7 orcs
  3 giant cockroaches
  17 goblins
  7 hobgoblins
  7 jackals
  6 quokkas
  A ball python (D:3)
  8 bats
  6 frilled lizards
  9 kobolds
  10 rats
110 creatures vanquished.

Vanquished Creatures (collateral kills)
  A scorpion (D:4)
  An orc priest (D:3)
  An adder (D:2)
  A worm (D:3)
  4 orcs
  A bat (D:1)
  A kobold (D:2)
10 creatures vanquished.

Grand Total: 120 creatures vanquished

Notes
Turn   | Place    | Note
-------+----------+-------------------------------------------
     0 | D:1      | Rrauwl the Merfolk Summoner began the quest for the Orb.
     0 | D:1      | Reached XP level 1. HP: 13/13 MP: 3/3
   372 | D:1      | Reached XP level 2. HP: 8/19 MP: 5/5
   446 | D:1      | Gained mutation: You are partially covered in icy blue scales. (AC +2) [potion of mutation]
   446 | D:1      | Gained mutation: You are somewhat resistant to further mutation. [potion of mutation]
   954 | D:2      | Reached XP level 3. HP: 19/25 MP: 6/6
   959 | D:2      | Learned a level 3 spell: Call Canine Familiar
   974 | D:2      | Reached skill level 1 in Fighting
  1752 | D:2      | Reached XP level 4. HP: 29/32 MP: 3/8
  1886 | D:3      | Reached skill level 1 in Armour
  1905 | D:3      | Reached skill level 1 in Polearms
  2279 | D:3      | Reached XP level 5. HP: 17/38 MP: 9/9
  2684 | D:3      | Noticed Robin
  2712 | D:3      | Killed Robin
  3294 | D:3      | Reached XP level 6. HP: 40/45 MP: 10/10
  4171 | D:5      | Entered Level 5 of the Dungeon
  4203 | D:5      | Reached skill level 5 in Summonings
  4410 | D:5      | Noticed Rrauwl's ghost (novice BaCj)
  4432 | D:5      | HP: 2/46 [Rrauwl's ghost (5)]
  4432 | D:5      | Slain by Rrauwl's ghost

Vault maps used:
D:1:      elethiomel_arrival_infinity_welcomes_careful_drivers,
          serial_park_tiny_pond, serial_park_tiny_1, minmay_split_cup_small
D:2:      minivault_24
D:3:      uniq_robin
D:4:      first_bread, st_stairs_5
D:5:      dk_noncrumbling_3

Skill      XL: |  1  2  3  4  5  6 |
---------------+-------------------+-----
Fighting       | 1 2 |  2.9
Dodging        | 3 4 |  4.5
Armour         | 1 |  1.0
Polearms       | 1 2 3 |  3.4
Spellcasting   | 3 |  3.6
Summonings     | 5 |  5.0
Stealth        | |  2.1

Action                   |  1- 3 |  4- 6 || total
-------------------------+-------+-------++-------
Melee: Unarmed           |    18 |       ||    18
       Short sword       |    96 |       ||    96
       Spear             |    74 |   485 ||   559
 Cast: Summon Small Mamm |     4 |       ||     4
       Call Canine Famil |     1 |     7 ||     8
  Use: Scroll            |     8 |     4 ||    12
       Potion            |     1 |    11 ||    12
 Stab: Sleeping          |     8 |     1 ||     9
       Distracted        |     2 |       ||     2
  Eat: Chunk             |     3 |    11 ||    14
Armor: Robe              |    34 |       ||    34
       Ring mail         |    21 |   183 ||   204
Dodge: Dodged            |   111 |   207 ||   318
